 Dungeon Crawl Stone Soup version 0.20.1-1-g8b1a95d (webtiles) character file.

9655 spiff the Covert (level 11, -14/54 HPs)
             Began as a Vine Stalker Enchanter on July 14, 2017.
             Was a Believer of Ashenzari.
             Killed from afar by a gargoyle (25 damage)
             ... with a stone arrow
             ... on level 9 of the Dungeon.
             The game lasted 00:45:23 (11050 turns).

spiff the Covert (Vine Stalker Enchanter)          Turns: 11050, Time: 00:45:24

Health: -14/54     AC:  7    Str: 11    XL:     11   Next: 49%
Magic:  0/19       EV: 14    Int: 18    God:    Ashenzari [**....]
Gold:   337        SH:  8    Dex: 15    Spells: 15/20 levels left

rFire    . . .     SeeInvis .   q - +2 dagger (freeze) (curse)
rCold    . . .     Gourm    .   z - +0 buckler
rNeg     . . .     Faith    .   e - +2 robe {MR+} (curse)
rPois    +         Spirit   +   v - +1 helmet (curse)
rElec    .         Reflect  +   u - scarf {cloud immunity}
rCorr    .         Harm     .   (no gloves)
MR       ++...                  p - +0 pair of boots
Stlth    +++++.....             i - +3 amulet of reflection (curse)
Regen    0.6/turn               k - ring of wizardry
MPRegen  0.2/turn               r - ring of poison resistance

@: very slightly contaminated
A: fangs 3, regeneration 1, magic shield, antimagic bite, no potion heal 3, rot
immunity
a: Curse Item, Scrying, Renounce Religion


You were on level 9 of the Dungeon.
You worshipped Ashenzari.
Ashenzari was pleased with you.
You were very hungry.

You visited 1 branch of the dungeon, and saw 9 of its levels.
You also visited: Sewer.

You collected 512 gold pieces.
You spent 175 gold pieces at shops.

Inventory:

Hand Weapons
 q - a cursed +2 dagger of freezing (weapon)
 F - a +1 dagger of venom
 K - a +2 dagger of electrocution
Missiles
 m - 255 stones (quivered)
Armour
 e - a cursed +2 robe of magic resistance (worn)
 n - a +0 pair of gloves
 p - a +0 pair of boots (worn)
 u - a scarf of cloud immunity (worn)
 v - a cursed +1 helmet (worn)
 z - a +0 buckler (worn)
Jewellery
 i - a cursed +3 amulet of reflection (around neck)
 k - a ring of wizardry (left hand)
 r - a ring of poison resistance (right hand)
Wands
 h - a wand of digging (12/24)
 y - a wand of paralysis (7/24)
 B - a wand of flame (16/48)
 C - a wand of confusion (23/48)
 G - a wand of confusion (13/48)
Scrolls
 a - 2 scrolls of immolation
 b - 3 scrolls of teleportation
 s - 7 scrolls of identify
 w - a scroll of amnesia
 x - 2 scrolls of blinking
 E - a scroll of enchant weapon
 I - 2 scrolls of fear
Potions
 f - 4 potions of agility {unknown}
 g - 2 potions of degeneration {unknown}
 j - 3 potions of flight
 t - 6 potions of brilliance {unknown}
 A - a potion of berserk rage {unknown}
 D - 2 potions of curing
 H - a potion of mutation {unknown}
 J - 2 potions of lignification {unknown}
Books
 c - a book of Maledictions

   Spells                             Type                      Level
   a - Corona                         Hexes                        1
   b - Ensorcelled Hibernation        Hexes/Ice                    2
   c - Confuse                        Hexes                        3
   d - Tukima's Dance                 Hexes                        3
   e - Dazzling Spray                 Conjuration/Hexes            3
Comestibles
 d - 8 bread rations
 l - 5 royal jellies
 o - 3 meat rations


   Skills:
 + Level 4.9 Fighting
 - Level 6.0(8.3) Short Blades
 + Level 4.0 Dodging
 + Level 12.1 Stealth
 - Level 4.6 Shields
 - Level 5.1 Spellcasting
 + Level 9.8 Hexes
 - Level 1.0 Ice Magic


You had 15 spell levels left.
You knew the following spells:

 Your Spells              Type           Power        Failure   Level  Hunger
a - Confuse               Hex            #####...     1%          3    ##.....
e - Ensorcelled Hibernat  Hex/Ice        ###...       1%          2    #......


Dungeon Overview and Level Annotations

Branches:
Dungeon (9/15)             Temple (0/1) D:7            Lair (0/6) D:9
    Orc: D:9-12

Altars:
Ashenzari
Fedhas
Makhleb
Trog
Xom
The Shining One

Shops:
D:8 [!

Annotations:
D:8 MrModeste's ghost, novice MiFi


Innate Abilities, Weirdness & Mutations

You have razor-sharp teeth.
Your natural rate of healing is unusually fast.
When hurt, damage is shared between your health and your magic reserves.
Your bite disrupts and absorbs the magic of your enemies.
Potions cannot restore your health.
You are immune to rotting.


Message History

Aim: a gargoyle, wielding an enchanted flail (chance to defeat MR: 50%)
The gargoyle resists with some effort.
The gargoyle hurls a stone arrow at you.
The stone arrow hits you!
Casting: Confuse
Confirm with . or Enter, or press ? or * to list all spells.
Aiming: Confuse
Press: ? - help, Shift-Dir - straight line, f/p - gargoyle
Aim: a gargoyle, wielding an enchanted flail (chance to defeat MR: 50%)
The gargoyle resists with some effort.
The gargoyle hurls a stone arrow at you.
The stone arrow hits you!
* * * LOW HITPOINT WARNING * * *
Casting: Confuse
Confirm with . or Enter, or press ? or * to list all spells.
You don't have enough magic to cast that spell.
Unknown command.
The gargoyle hurls a stone arrow at you.
The stone arrow hits you!
You die...

######...#######...............#.
#..................>......P.P...)
.....##..................P.....P.
.#######.....#####......P.P...PP.
## #...##### #..P.)PP..P..... #
##......###.P..P....PP.PP. ##
#..#.#..#..P.P.PP.P.PP.PP .###
##........P..PP.P.P.P..PP ...##
#.#.#.#@.....PP.P..P.P.P ....###
#....9.....PPP.PPP>.P..P
......#####.......P.P......PP..P.
###......##......P.P..PPP...P.P..
###.............P..P.PPP.P.P..P #
##............P....PP...PP.P. ##
###.............P...PPPP.P.. .##
##................P....... ..##
##.............#.......##


You could see a gargoyle.

Vanquished Creatures
  5 two-headed ogres
  The ghost of Nahar the Basher, a novice DDFi (D:6)
  Pikel (D:5)
  7 yaks
  A steam dragon (D:8)
  3 orc warriors
  A porcupine (D:9)
  4 black bears (D:9)
  2 ice beasts
  The ghost of appiemonkey the Skirmisher, an amateur MiFi (D:3)
  3 sky beasts
  7 ogres
  2 phantoms
  A crocodile (D:9)
  2 centaurs
  6 bullfrogs
  A big kobold (D:7)
  A wyvern skeleton (D:7)
  3 scorpions
  A killer bee (D:8)
  2 howler monkeys (D:9)
  2 crimson imps
  2 centaur zombies (D:9)
  3 hounds
  A jelly (D:7)
  5 orc priests
  10 orc wizards
  3 centaur skeletons
  4 bullfrog skeletons
  4 iguanas
  4 worker ants
  2 hound skeletons (D:6)
  A howler monkey zombie (D:5)
  A worker ant zombie (D:7)
  7 gnolls
  A howler monkey skeleton (D:6)
  14 adders
  3 shadow imps
  6 oozes (Sewer)
  7 worms
  13 dart slugs
  6 leopard geckos
  36 orcs
  5 giant cockroaches
  4 goblins
  4 hobgoblins
  8 jackals
  6 quokkas
  3 ball pythons
  13 bats
  10 frilled lizards
  A jackal zombie (D:6)
  9 kobolds
  A leopard gecko skeleton (D:8)
  8 rats
262 creatures vanquished.

Vanquished Creatures (others)
  A slave (D:5)
  A dart slug (D:5)
  A ball python (D:5)
  16 fungi (D:9)
  8 plants (D:9)
27 creatures vanquished.

Grand Total: 289 creatures vanquished

Notes
Turn   | Place    | Note
-------+----------+-------------------------------------------
     0 | D:1      | spiff the Vine Stalker Enchanter began the quest for the Orb.
     0 | D:1      | Reached XP level 1. HP: 9/9 MP: 4/4
   270 | D:1      | Reached XP level 2. HP: 8/13 MP: 4/6
   322 | D:1      | Learned a level 2 spell: Ensorcelled Hibernation
   364 | D:1      | Reached skill level 4 in Stealth
   784 | D:1      | Reached XP level 3. HP: 16/16 MP: 7/7
   957 | D:1      | Reached skill level 1 in Ice Magic
  1143 | D:2      | Learned a level 3 spell: Confuse
  1256 | D:2      | Found a bloodstained altar of Trog.
  1467 | D:2      | Gained mutation: Your natural rate of healing is unusually fast. [Vine Stalker growth]
  1467 | D:2      | Reached XP level 4. HP: 20/21 MP: 0/8
  2064 | D:3      | Noticed appiemonkey's ghost (amateur MiFi)
  2510 | D:3      | Reached skill level 5 in Stealth
  2510 | D:3      | Reached XP level 5. HP: 17/24 MP: 4/9
  2756 | D:3      | Reached skill level 1 in Short Blades
  3325 | D:3      | Killed appiemonkey's ghost
  3325 | D:3      | Reached XP level 6. HP: 28/28 MP: 4/11
  3754 | D:4      | Reached skill level 5 in Hexes
  3833 | D:4      | Reached XP level 7. HP: 32/32 MP: 4/13
  4035 | D:4      | Reached skill level 6 in Stealth
  4367 | D:5      | Entered Level 5 of the Dungeon
  4435 | D:5      | Noticed Pikel
  4500 | D:5      | Killed Pikel
  4500 | D:5      | Reached skill level 7 in Stealth
  4500 | D:5      | Reached skill level 5 in Spellcasting
  4500 | D:5      | Gained mutation: You have razor-sharp teeth. [Vine Stalker growth]
  4500 | D:5      | Reached XP level 8. HP: 31/36 MP: 5/16
  4771 | D:5      | Found a shattered altar of Ashenzari.
  4793 | D:5      | Became a worshipper of Ashenzari the Shackled
  4951 | D:5      | Reached skill level 8 in Stealth
  5259 | D:6      | Found a glowing drain.
  5332 | D:6      | Reached XP level 9. HP: 38/39 MP: 5/17
  5580 | Sewer    | Entered a sewer
  6376 | D:6      | Reached skill level 5 in Short Blades
  6555 | D:6      | Noticed Nahar's ghost (novice DDFi)
  6568 | D:6      | Reached skill level 9 in Stealth
  6568 | D:6      | Reached skill level 1 in Shields
  6645 | D:6      | Killed Nahar's ghost
  6977 | D:7      | Found a blossoming altar of Fedhas.
  6982 | D:7      | Found a shimmering altar of Xom.
  6982 | D:7      | Found a burning altar of Makhleb.
  6985 | D:7      | Found a glowing golden altar of the Shining One.
  6998 | D:7      | Reached * piety under Ashenzari
  7330 | D:7      | Found a staircase to the Ecumenical Temple.
  7602 | D:7      | You fall through a shaft for 2 floors!
  7604 | D:9      | Reached XP level 10. HP: 44/44 MP: 14/18
  7634 | D:9      | Reached skill level 10 in Stealth
  7818 | D:8      | Noticed a two-headed ogre
  7863 | D:8      | Noticed a two-headed ogre
  7870 | D:8      | Killed a two-headed ogre
  7870 | D:8      | Reached skill level 1 in Fighting
  8100 | D:8      | Found Pehat's Antique Armour Shop.
  8101 | D:8      | Killed a two-headed ogre
  8114 | D:8      | Bought a polished leather armour for 175 gold pieces
  8124 | D:8      | Identified the +2 leather armour of Midnight {Int-4 Dex+4} (You bought it in a shop on level 8 of the Dungeon)
  8276 | D:8      | Noticed MrModeste's ghost (novice MiFi)
  8517 | D:8      | Found Vaxketro's Distillery.
  8737 | D:8      | Reached skill level 11 in Stealth
  8896 | D:9      | Noticed a two-headed ogre
  9123 | D:9      | Found a staircase to the Lair.
  9703 | D:9      | Reached XP level 11. HP: 53/53 MP: 1/19
  9793 | D:9      | Noticed a two-headed ogre
  9802 | D:9      | Killed a two-headed ogre
 10015 | D:9      | Noticed a two-headed ogre
 10062 | D:9      | Killed a two-headed ogre
 10332 | D:9      | Reached skill level 12 in Stealth
 10463 | D:9      | Reached ** piety under Ashenzari
 10704 | D:9      | Killed a two-headed ogre
 11050 | D:9      | Killed from afar by a gargoyle

Skill      XL: |  1  2  3  4  5  6  7  8  9 10 11 |
---------------+----------------------------------+-----
Stealth        | 4 5 7 8 9 11 12 | 12.1
Ice Magic      | 1 |  1.0
Hexes          | 4 5 6 8 9 |  9.8
Short Blades   | 1 2 3 4 6 |  6.0
Spellcasting   | 3 5 |  5.1
Shields        | 3 4 |  4.6
Fighting       | 3 4 |  4.9
Dodging        | 2 4 |  4.0

Action                   |  1- 3 |  4- 6 |  7- 9 | 10-12 || total
-------------------------+-------+-------+-------+-------++-------
Melee: Dagger            |    70 |    94 |   264 |   136 ||   564
       Bite              |     9 |    20 |    56 |    27 ||   112
Throw: Stone             |       |       |     1 |     4 ||     5
 Cast: Ensorcelled Hiber |    22 |    47 |    98 |    80 ||   247
       Confuse           |       |    18 |    22 |    23 ||    63
Invok: Curse Item        |       |       |     2 |     2 ||     4
  Use: Scroll            |       |     9 |     7 |     1 ||    17
       Potion            |       |       |     1 |       ||     1
 Stab: Sleeping          |    30 |    37 |    70 |    49 ||   186
       Confused          |       |     3 |    12 |     7 ||    22
       Distracted        |       |     2 |       |       ||     2
  Eat: Chunk             |     3 |    11 |    17 |    11 ||    42
Armor: Robe              |    16 |       |    77 |    26 ||   119
       Leather armour    |     5 |    24 |     2 |       ||    31
Dodge: Dodged            |    63 |    42 |   121 |    46 ||   272
Block: Other             |       |       |    11 |       ||    11
       Buckler           |       |       |    44 |    37 ||    81
       Reflection        |       |       |     2 |       ||     2
